 Dungeon Crawl Stone Soup version 0.28-a0-1567-g1695149f81 (webtiles) character file.

Game seed: 16378342672146402149

7 Pin the Chopper (level 2, -1/27 HPs)
             Began as a Hill Orc Monk on Jan 20, 2022.
             Slain by an endoplasm (2 damage)
             ... on level 1 of the Dungeon.
             The game lasted 00:00:23 (267 turns).

Pin the Chopper (Hill Orc Monk)                      Turns: 267, Time: 00:00:24

Health: -1/27      AC:  2    Str: 13    XL:     2   Next: 4%
Magic:  2/2        EV: 12    Int: 10    God:
Gold:   17         SH:  0    Dex: 13    Spells: 1/1 levels left

rFire   . . .      SeeInvis .   a - +0 hand axe
rCold   . . .      Faith    .   (no shield)
rNeg    . . .      Spirit   .   b - +0 robe
rPois   .          Reflect  .   (no helmet)
rElec   .          Harm     .   (no cloak)
rCorr   .          Rampage  .   (no gloves)
Will    .....                   (no boots)
Stlth   ++........              (no amulet)
HPRegen 0.09/turn               (no ring)
MPRegen 0.08/turn               (no ring)

@: no status effects
A: no striking features
a: no special abilities


You were on level 1 of the Dungeon.
You visited 1 branch of the dungeon, and saw 1 of its levels.

You collected 17 gold pieces.

Inventory:

Hand Weapons
 a - a +0 hand axe (weapon)
Armour
 b - a +0 robe (worn)
Scrolls
 c - a scroll of fear {unknown}
Potions
 d - a potion of curing {unknown}


   Skills:
 + Level 3.8 Fighting
 + Level 4.2 Axes
 + Level 0.8 Armour
 - Level 2.4 Dodging
 - Level 1.5 Stealth


You had one spell level left.
You didn't know any spells.
Your spell library was empty.

Dungeon Overview and Level Annotations

Branches:
Dungeon (1/15)

Altars:


Message History

The jackal is moderately wounded.
You hit the jackal. x2; The jackal barely misses you.
The jackal closely misses you.
The jackal bites you but does no damage.
The jackal barely misses you. x2
You hit the jackal.
The jackal is severely wounded.
You closely miss the jackal. You miss the jackal.
The jackal barely misses you. x3
The jackal misses you. x2
You closely miss the jackal.
The jackal is severely wounded.
You hit the jackal. You hit the jackal but do no damage. The jackal bites you.
* * * LOW HITPOINT WARNING * * *
The jackal bites you but does no damage.
The jackal misses you. The jackal barely misses you. The endoplasm freezes you.
You are frozen.
* * * LOW HITPOINT WARNING * * *
You hit the jackal but do no damage.
The jackal is moderately wounded.
You hit the endoplasm.
You closely miss the jackal. x2; The jackal misses you. x2
The jackal bites you but does no damage. x2
The endoplasm hits you.
* * * LOW HITPOINT WARNING * * *
The jackal bites you but does no damage.
You hit the jackal.
The jackal is severely wounded.
You barely miss the jackal. You hit the jackal.
You hit the endoplasm but do no damage. The jackal bites you.
* * * LOW HITPOINT WARNING * * *
The jackal completely misses you. The jackal closely misses you.
The jackal completely misses you. The endoplasm hits you.
* * * LOW HITPOINT WARNING * * *
You hit the jackal.
You kill the jackal!
You hit the endoplasm but do no damage. You hit the jackal.
You kill the jackal!
You closely miss the jackal. The jackal barely misses you.
The endoplasm hits you.
You die...

#..####### ### #......#
#........####.# #......#
#..........## #......#
.....##.....#..#####......#
..# ##...##..#............#
##......#....####......#
.>...............##......#
.....###..h..<...##......#
####. #..)@......#......#
#. #..J........##.#### ..
#.....8....#....#
#.....♣......#...#
#..............#..##
#..>..........#.#...#
..#...........#(....##
.......########....# ....
.....#.#..##


You could see an endoplasm and a jackal.

Vanquished Creatures
  A giant cockroach (D:1)
  3 jackals (D:1)
  2 kobolds (D:1)
  A quokka (D:1)
  A ball python (D:1)
  A rat (D:1)
9 creatures vanquished.

Notes
Turn   | Place    | Note
-------+----------+-------------------------------------------
     0 | D:1      | Pin the Hill Orc Monk began the quest for the Orb.
     0 | D:1      | Reached XP level 1. HP: 19/19 MP: 1/1
   261 | D:1      | Reached XP level 2. HP: 11/27 MP: 2/2
   266 | D:1      | HP: 1/27 [endoplasm (2)]
   267 | D:1      | Slain by an endoplasm

Illustrated notes

Levels and vault maps discovered:
D:1:      wander_arrival_peaceful_grave, layout_rooms,
          shapermc_ecumenical_altar_mp_highgroup, minmay_misc_feat_diagonals,
          fountainhead

Action                   || total
-------------------------++-------
Melee: Hand axe          ||    27
 Stab: Sleeping          ||     1
Armor: Robe              ||    10
Dodge: Dodged            ||    43

Table legend: (Time is in decaauts)
 A = Elapsed time spent in this place.
 B = Non-inter-level travel time spent in this place.
 C = Inter-level travel time spent in this place.
 D = Time resting spent in this place.
 E = Time spent auto-exploring this place.
 F = Levels seen in this place.
 G = Mean time per level.
                   A        B        C        D        E       F      G
               +--------+--------+--------+--------+--------+-----+--------+
         Total |    269 |    269 |      0 |      0 |    218 |   1 |  269.0 |
       Dungeon |    269 |    269 |      0 |      0 |    218 |   1 |  269.0 |
               +--------+--------+--------+--------+--------+-----+--------+

Top non-repeatable levels by time:
     D:1: 269 daAuts
